 Dungeon Crawl Stone Soup version 0.30-a0-469-g84de5afbc5 (webtiles) character file.

Game seed: 4980765713189071733

59795 themarg the Thaumaturge (level 14, -8/190 HPs)
             Began as a White Draconian Conjurer on Dec 19, 2022.
             Was the Champion of Ashenzari.
             Killed from afar by an oklob plant (33 damage)
             ... with a splash of acid
             ... on level 3 of the Lair of Beasts.
             The game lasted 01:23:14 (27842 turns).

themarg the Thaumaturge (White Draconian Conjurer) Turns: 27842, Time: 01:23:14

Health: -8/190     AC:  6    Str: 20    XL:     14   Next: 54%
Magic:  28/33      EV: 11    Int: 29    God:    Ashenzari [******]
Gold:   1522       SH:  0    Dex: 10    Spells: 20/43 levels left

rFire   x . .      SeeInvis +      - Unarmed
rCold   + + +      Faith    .    (shield currently unavailable)
rNeg    . . .      Spirit   .    (body armour unavailable)
rPois   +          Reflect  .    (helmet currently unavailable)
rElec   .          Harm     .    (cloak currently unavailable)
rCorr   .          Rampage  .    (gloves currently unavailable)
Will    +....      Clarity  +    (boots currently unavailable)
Stlth   +++.......               W - amulet "Thunder Perfect Mind" {Regen+ Int+6, Fort, Self} (curse)
HPRegen 1.31/turn                m - ring of Star-Bound Wisdom {rC+, Cun, Alch} (curse)
MPRegen 0.23/turn                T - ring of the Esoteric Planets {Wiz, Bglg, Cun} (curse)

@: dragon-form (expiring), corroded, flying, very slightly contaminated
A: dragon claw, dragon scales, flying, boosted hp, breathe frost, AC +8, giant,
unfitting armour, (cold resistance 1), (cold-blooded)
a: Breathe Frost, End Transformation, Renounce Religion, Shatter the Chains


You were on level 3 of the Lair of Beasts.
You worshipped Ashenzari.
Ashenzari was exalted by your worship.
You were a fearsome ice dragon!
You visited 2 branches of the dungeon, and saw 16 of its levels.
You also visited: Sewer and Bailey.

You collected 1522 gold pieces.

Inventory:

Hand Weapons
 q - the cursed +6 rapier of the Ensconced Gloom (melded) {vorpal, Str+4 Int+5 Stlth-, Comp, Elem}
   (You found it on level 3 of the Dungeon)

   It inflicts extra damage upon your enemies.
   Str:       It affects your strength (+4).
   Int:       It affects your intelligence (+5).
   Stlth:     It makes you less stealthy.
   It has a curse which improves the following skills: Companions: Summonings
   and Necromancy.
   Elements:  Fire Magic, Ice Magic, Air Magic and Earth Magic.
 z - a +2 morningstar of draining
Missiles
 n - 18 poisoned darts (quivered)
 r - 12 boomerangs
 v - 4 atropa-tipped darts
 Q - 8 javelins
 U - 5 silver boomerangs
Armour
 c - the cursed +0 cloak of Ashenzari's Sybil (melded) {Evo, Comp}
   (You found it on level 4 of the Dungeon)

   It has a curse which improves the following skills: Evocations: Evocations.
   Companions: Summonings and Necromancy.
 I - the cursed +2 buckler of the Chained God (melded) {Comp, Elem}
   (You found it on level 8 of the Dungeon)

   It has a curse which improves the following skills: Companions: Summonings
   and Necromancy.
   Elements:  Fire Magic, Ice Magic, Air Magic and Earth Magic.
 L - a +2 pair of gloves of stealth
 N - the cursed +2 pair of gloves of Curses and Power (melded) {hurl, Elem, Self}
   (You acquired it on level 10 of the Dungeon)

   It has a curse which improves the following skills: Elements: Fire Magic, Ice
   Magic, Air Magic and Earth Magic.
   Introspection: Fighting and Spellcasting.
 P - the cursed +1 hat "Restrained Together" (melded) {Stlth+, Bglg, Evo}
   (You took it off Gastronok on level 2 of the Lair of Beasts)

   It has a curse which improves the following skills: Beguiling: Conjurations,
   Hexes and Translocations.
   Evocations: Evocations.
 S - the cursed +0 pair of boots "Perceptive Paranoia" (melded) {Alch, Evo}
   (You found it on level 3 of the Lair of Beasts)

   It has a curse which improves the following skills: Alchemy: Poison Magic and
   Transmutations.
   Evocations: Evocations.
Magical Staves
 d - a staff of cold
 p - a staff of fire
Jewellery
 m - the cursed ring of Star-Bound Wisdom (left foreclaw) {rC+, Cun, Alch}
   (You found it on level 2 of the Dungeon)

   [ring of protection from cold]

   rC:        It protects you from cold.
   It has a curse which improves the following skills: Cunning: Dodging and
   Stealth.
   Alchemy:   Poison Magic and Transmutations.
 T - the cursed ring of the Esoteric Planets (right foreclaw) {Wiz, Bglg, Cun}
   (You took it off Rupert on level 3 of the Lair of Beasts)

   [ring of wizardry]

   It improves your spell success rate.
   It has a curse which improves the following skills: Beguiling: Conjurations,
   Hexes and Translocations.
   Cunning:   Dodging and Stealth.
 W - the cursed amulet "Thunder Perfect Mind" (around neck) {Regen+ Int+6, Fort, Self}
   (You acquired it on level 5 of the Lair of Beasts)

   [amulet of regeneration]

   Int:       It affects your intelligence (+6).
   Regen:     It increases your rate of health regeneration.
   It has a curse which improves the following skills: Fortitude: Shields.
   Introspection: Fighting and Spellcasting.
 Y - the amulet "Atzihoczu" {RegenMP Harm rCorr}
   (You found it on level 5 of the Lair of Beasts)

   [amulet of magic regeneration]

   It increases your rate of magic regeneration.
   rCorr:     It protects you from acid and corrosion.
   Harm:      It increases damage dealt and taken.
Wands
 y - a wand of digging (4)
 B - a wand of polymorph (28)
 E - a wand of acid (16)
 F - a wand of flame (29)
 H - a wand of mindburst (17)
 M - a wand of iceblast (12)
 O - a wand of paralysis (9)
Scrolls
 g - 6 scrolls of silence
 h - 3 scrolls of vulnerability
 i - 3 scrolls of enchant weapon
 j - 5 scrolls of poison
 t - a scroll of torment
 u - 4 scrolls of magic mapping
 A - 5 scrolls of immolation
 C - 3 scrolls of butterflies
 D - 2 scrolls of fear
 G - 5 scrolls of fog
 J - 4 scrolls of teleportation
 K - 5 scrolls of amnesia
 R - 3 scrolls of blinking
 Z - a scroll of brand weapon
Potions
 a - 2 potions of magic
 b - a potion of resistance
 e - 5 potions of heal wounds
 f - 5 potions of haste
 k - 3 potions of might
 l - 5 potions of curing
 o - 5 potions of cancellation
 s - 2 potions of invisibility
 w - 2 potions of brilliance
 x - 3 potions of lignification
 V - a potion of ambrosia


   Skills:
 - Level 10.0(12.6) Fighting
 - Level 8.3(12.3) Dodging
 - Level 3.0(6.2) Stealth
 - Level 5.0(7.5) Shields
 + Level 6.2 Unarmed Combat
 - Level 12.7(15.3) Spellcasting
 - Level 11.4(14.0) Conjurations
 - Level 3.0(5.2) Hexes
 - Level 3.0(5.2) Translocations
 + Level 11.7(14.3) Transmutations


You had 20 spell levels left.
You knew the following spells:

 Your Spells              Type           Power      Damage    Failure   Level
a - Magic Dart            Conj           100%       1d8       0%          1
b - Searing Ray           Conj           100%       2d8       0%          2
c - Fulminant Prism       Conj/Hex       33%        3d16      1%          4
d - Iskenderun's Mystic   Conj/Tloc      67%        2d14      1%          4
e - Irradiate             Conj/Tmut      40%        3d25      1%          5
f - Dragon Form           Tmut           40%        N/A       1%          7

Your spell library contained the following spells:

 Spells                   Type           Power      Damage    Failure   Level
 Foxfire                  Conj/Fire      100%       2x1d9     1%          1
 Freeze                   Ice            88%        1d9       1%          1
 Ensorcelled Hibernation  Hex/Ice        74%        N/A       1%          2
 Passwall                 Tmut/Erth      49%        N/A       1%          2
 Dazzling Flash           Conj/Hex       100%       N/A       1%          3
 Gell's Gravitas          Tloc           51%        N/A       1%          3
 Hailstorm                Conj/Ice       58%        3d13      1%          3
 Lesser Beckoning         Tloc           100%       N/A       1%          3
 Teleport Other           Tloc           51%        N/A       1%          3
 Petrify                  Tmut/Erth      59%        N/A       1%          4
 Blade Hands              Tmut           40%        N/A       1%          5
 Fireball                 Conj/Fire      29%        3d13      1%          5
 Frozen Ramparts          Ice            44%        1d7       2%          3
 Swiftness                Air            22%        N/A       2%          3
 Statue Form              Tmut/Erth      39%        N/A       7%          6
 Starburst                Conj/Fire      29%        6d9       8%          6
 Metabolic Englaciation   Hex/Ice        18%        N/A       9%          5


Dungeon Overview and Level Annotations

Branches:
Dungeon (11/15)            Temple (0/1) D:5            Lair (5/5) D:10
  Swamp (0/4) Lair:3        Snake (0/4) Lair:3        Slime (0/5) Lair:4
    Orc (0/2) D:11          Sewer (visited)          Bailey (visited)

Altars:
Ashenzari
Cheibriados
Elyvilon
Gozag
Hepliaklqana
Sif Muna
Uskayaw
Vehumet
Zin
Jiyva

Annotations:
D:5 2 transporters, Juicyj's ghost, novice SpEn
D:7 1 runed translucent door, Jackthecabe's ghost, novice DgCj
D:8 4 runed translucent doors, exclusion: 4 doors
Lair:3 exclusion: 3 oklob plants


Innate Abilities, Weirdness & Mutations

You are a fearsome ice dragon!
You have a powerful clawing attack.
Your giant scaled body is strong and resiliant, but less evasive.
Your breath weapon is enhanced in this form.
You are flying.
Your maximum health is greatly increased.
Your armour is entirely melded.
You are incapable of wielding weapons or throwing items.
You can breathe waves of freezing cold which knock back foes.
Your icy white scales are hard. (AC +8)
You cannot fit into any form of body armour.
((Your flesh is cold resistant. (rC+)))
((You are cold-blooded and may be slowed by cold attacks.))


Message History

You hit the oklob plant but do no damage.
Your transformation is almost over.
The oklob plant spits acid at you. The splash of acid hits you!!
You bite the oklob plant!!
The oklob plant is moderately damaged.
You hit the oklob plant. You tail-slap the oklob plant.
The oklob plant is heavily damaged.
The oklob plant spits acid at you. The splash of acid hits you!
The acid corrodes you! The oklob plant spits acid at you.
The splash of acid hits you!! The acid corrodes you!
The oklob plant spits acid at you. The splash of acid hits you!
The oklob plant spits acid at you. The splash of acid hits you!
Casting: Irradiate (safe; 1% risk of failure)
Confirm with . or Enter, or press ? or * to list all spells.
You erupt in a fountain of uncontrolled magic!
The oklob plant is blasted with magical radiation!!!
You destroy the oklob plant!
The plant is blasted with magical radiation!!!
The plant begins to die.
The plant is lightly damaged.
The plant twists and deforms.
The oklob plant is blasted with magical radiation!!
The oklob plant is severely damaged.
The oklob plant twists and deforms.
You are very lightly contaminated with residual magic.
The oklob plant spits acid at you. The splash of acid hits you!!!
* * * LOW HITPOINT WARNING * * *
The acid corrodes you! The oklob plant spits acid at you.
The splash of acid hits you!!
* * * LOW HITPOINT WARNING * * *
The acid corrodes you! The oklob plant spits acid at you.
The splash of acid hits you!!
You die...

.###......##...#..#..##..####.##.
#.##.##..........#..####.# #.#...
....#............#...# #.####....
###...............#..###...##P..P
##.........................#....
#..........P..................#.
##.....PPP..................###P
#......PP..PP...........#...# ##
#.....PP).P.PP.D......####..###.
##......PP$..PP....##...###......
#........PP>P......##..#.##......
P.........PP........#..#.#.......
##.................P.............
#................................
###..............................
#..............##.............#
#.............#*##....#........


You could see 3 oklob plants.

Vanquished Creatures
  Rupert (Lair:3)
  Gastronok (Lair:2)
  A fire dragon (Lair:5)
  3 hydras
  Erolcha (D:10)
  3 catoblepae
  3 two-headed ogres
  6 death yaks
  A bog body (Lair:3)
  5 lindwurms
  2 swamp dragons (Lair:2)
  An orc knight (Bailey)
  4 oklob plants
  2 manticores (Lair:5)
  2 cyclopes (D:11)
  16 elephants
  2 molten gargoyles (Lair:4)
  6 black mambas
  13 cane toads
  A gargoyle (D:10)
  8 torpor snails
  8 komodo dragons
  3 rime drakes (Lair:5)
  3 trolls
  3 tyrant leeches (Lair:5)
  8 hornets
  2 polar bears
  7 dream sheep (Lair:5)
  8 blink frogs
  Sigmund (D:5)
  4 wraiths
  3 shadows
  3 basilisks
  4 wyverns
  40 yaks
  2 vampire mosquitoes (D:11)
  Menkaure (D:5)
  4 steam dragons
  Edmund (D:5)
  3 nagas (Lair:3)
  A floating eye (Lair:3)
  20 water moccasins
  Duvessa (D:5)
  2 sky beasts (D:7)
  8 orc warriors
  4 black bears
  6 wolves
  A centaur (D:5)
  3 phantoms
  2 kobold brigands (D:10)
  12 bullfrogs
  4 necrophages
  2 gnoll sergeants (D:10)
  2 scorpions
  A wight (D:10)
  Dowan (D:5)
  3 troll zombies (D:11)
  3 jellies
  12 killer bees
  7 howler monkeys
  An electric eel (Lair:1)
  5 lava snakes (Lair:4)
  4 hounds
  A gnoll bouda (D:7)
  5 orc priests
  4 iguanas
  Jessica (D:2)
  Terence (D:2)
  11 orc wizards
  Natasha (twice) (D:2)
  3 ogre zombies (D:11)
  8 gnolls
  4 adders
  A white imp (D:7)
  An ufetubus (D:7)
  A worm (D:11)
  2 dart slugs
  28 orcs
  9 bats
  7 endoplasms
  3 giant cockroaches
  6 hobgoblins
  11 jackals (D:3)
  12 kobolds
  4 quokkas
  7 ball pythons
  7 frilled lizards
  3 goblins
  2 goblin skeletons (D:11)
  2 goblin zombies (D:11)
  A hobgoblin zombie (D:11)
  2 orc skeletons (D:11)
  12 orc zombies (D:11)
  8 rats
  A butterfly (Lair:2)
465 creatures vanquished.

Vanquished Creatures (others)
  56 fulminant prisms
  37 fungi
  102 plants
195 creatures vanquished.

Grand Total: 660 creatures vanquished

Notes
Turn   | Place    | Note
-------+----------+-------------------------------------------
     0 | D:1      | themarg the Draconian Conjurer began the quest for the Orb.
     0 | D:1      | Reached XP level 1. HP: 14/14 MP: 3/3
   284 | D:1      | Reached XP level 2. HP: 20/20 MP: 0/5
   287 | D:1      | Learned a level 2 spell: Searing Ray
  1123 | D:2      | Reached XP level 3. HP: 25/26 MP: 1/6
  1654 | D:2      | Noticed Jessica
  1658 | D:2      | Killed Jessica
  1805 | D:2      | Noticed Natasha
  1808 | D:2      | Killed Natasha
  1809 | D:2      | Reached XP level 4. HP: 33/33 MP: 4/8
  1861 | D:2      | Noticed Natasha
  1861 | D:2      | Noticed a phantom
  1870 | D:2      | Killed Natasha
  1871 | D:2      | Reached skill level 3 in Spellcasting
  2024 | D:2      | Noticed Terence
  2031 | D:2      | Killed Terence
  2032 | D:2      | Reached skill level 5 in Conjurations
  2032 | D:2      | Reached XP level 5. HP: 30/38 MP: 1/9
  2768 | D:3      | Identified the +6 rapier "Pendulum" {vorpal, Str+4 Int+5
                  | Stlth-}
  3295 | D:3      | Noticed a +0 spear
  3295 | D:3      | Noticed a +0 falchion
  3296 | D:3      | Noticed a +0 short sword
  3296 | D:3      | Noticed a +0 spear
  3297 | D:3      | Noticed a +0 dagger
  3297 | D:3      | Noticed a +0 falchion
  3297 | D:3      | Noticed a +0 dagger
  3298 | D:3      | Noticed a +0 short sword
  3305 | D:3      | Found a hide-covered altar of Uskayaw.
  3607 | D:4      | Reached skill level 4 in Spellcasting
  3607 | D:4      | Reached XP level 6. HP: 45/45 MP: 3/12
  3660 | D:4      | Found a broken altar of Ashenzari.
  3666 | D:4      | Became a worshipper of Ashenzari the Shackled
  3722 | D:4      | Found a glowing drain.
  3726 | Sewer    | Entered a sewer
  3783 | Sewer    | Noticed Pargi
  4116 | D:4      | Found a radiant altar of Vehumet.
  4702 | D:4      | Your scales start taking on an icy white colour.
  4702 | D:4      | Reached XP level 7. HP: 50/50 MP: 8/14
  4702 | D:4      | Gained mutation: Your flesh is cold resistant. (rC+) [White
                  | Draconian growth]
  5068 | D:5      | Entered Level 5 of the Dungeon
  5077 | D:5      | Reached skill level 5 in Spellcasting
  5516 | D:5      | Noticed Menkaure
  5521 | D:5      | Killed Menkaure
  5742 | D:5      | Found a staircase to the Ecumenical Temple.
  5757 | D:5      | Noticed Sigmund
  5760 | D:5      | Killed Sigmund
  5761 | D:5      | Reached XP level 8. HP: 45/57 MP: 10/15
  5972 | D:5      | Found a transporter.
  5978 | D:5      | Noticed Juicyj's ghost (novice SpEn)
  5990 | D:5      | Noticed Duvessa
  5990 | D:5      | Noticed Dowan
  6004 | D:5      | Noticed Edmund
  6275 | D:5      | Found a shimmering blue altar of Sif Muna.
  6484 | D:5      | Found a transporter.
  6664 | D:5      | Killed Edmund
  6667 | D:5      | Killed Dowan
  6762 | D:5      | Killed Duvessa
  6763 | D:5      | Reached skill level 10 in Conjurations
  6977 | D:6      | Found the +5 robe of Misfortune {Harm *Corrode *Slow EV+5}
  7050 | D:6      | Reached skill level 1 in Translocations
  7091 | D:6      | You fall into a shaft and drop 1 floor!
  7107 | D:7      | Found a flagged portal.
  7168 | Bailey   | Entered a bailey
  7191 | Bailey   | Learned a level 4 spell: Iskenderun's Mystic Blast
  7196 | Bailey   | Learned a level 4 spell: Fulminant Prism
  7196 | Bailey   | Reached * piety under Ashenzari
  7204 | Bailey   | Reached skill level 1 in Hexes
  7623 | Bailey   | Noticed an orc knight
  7636 | Bailey   | Killed an orc knight
  7637 | Bailey   | Reached XP level 9. HP: 39/68 MP: 0/17
  7769 | Bailey   | Found a large runed translucent door.
  7769 | Bailey   | Found a large runed translucent door.
  7772 | Bailey   | Noticed a deep elf pyromancer
  7773 | Bailey   | Identified the +1 scale mail of Free Expression {Slay+2
                  | Stlth+}
  8033 | D:7      | Found a glowing silver altar of Zin.
  8033 | D:7      | Noticed an angel
  8103 | D:7      | Reached skill level 6 in Spellcasting
  8354 | D:7      | Found a white marble altar of Elyvilon.
  8397 | D:7      | Found a runed translucent door.
  8737 | D:7      | Noticed Jackthecabe's ghost (novice DgCj)
  8922 | D:8      | Found a huge runed translucent gate.
  8922 | D:8      | Noticed a polar bear
  8953 | D:8      | Noticed a death yak
  8955 | D:8      | Found a huge runed translucent gate.
  8955 | D:8      | Noticed a polar bear
  8955 | D:8      | Noticed a polar bear
  8958 | D:8      | Found a huge runed translucent gate.
  8958 | D:8      | Noticed a polar bear
  8959 | D:8      | Found a huge runed translucent gate.
  8959 | D:8      | Noticed a polar bear
  8960 | D:8      | Noticed a polar bear
  8960 | D:8      | Noticed a polar bear
  8961 | D:8      | Noticed a death yak
  9022 | D:8      | Reached skill level 5 in Fighting
  9360 | D:8      | Reached skill level 7 in Spellcasting
  9493 | D:8      | Reached XP level 10. HP: 50/86 MP: 6/20
  9799 | D:8      | Noticed a two-headed ogre
  9822 | D:8      | Killed a two-headed ogre
 10329 | D:9      | Reached ** piety under Ashenzari
 10488 | D:9      | Reached skill level 1 in Shields
 10539 | D:9      | Identified a scroll of acquirement
 11154 | D:10     | Entered Level 10 of the Dungeon
 11336 | D:10     | Noticed Erolcha
 11356 | D:10     | Killed Erolcha
 11836 | D:10     | Noticed a gargoyle
 11845 | D:10     | Acquired a +0 pair of gloves of hurling
 12348 | D:10     | Reached skill level 10 in Fighting
 12350 | D:10     | Killed a gargoyle
 12499 | D:10     | Reached skill level 5 in Shields
 12499 | D:10     | Reached XP level 11. HP: 97/99 MP: 15/21
 12656 | D:10     | Found a staircase to the Lair.
 12675 | D:10     | Reached *** piety under Ashenzari
 12791 | D:10     | Noticed a two-headed ogre
 12802 | D:10     | Killed a two-headed ogre
 13037 | D:10     | Reached skill level 8 in Spellcasting
 13330 | D:10     | Found an opulent altar of Gozag.
 13773 | D:10     | Reached skill level 9 in Spellcasting
 14082 | D:10     | Found a hazy altar of Hepliaklqana.
 15330 | D:11     | Reached skill level 10 in Spellcasting
 15728 | D:11     | Reached skill level 5 in Dodging
 15968 | D:11     | Found a staircase to the Orcish Mines.
 16217 | D:11     | Found a snail-covered altar of Cheibriados.
 16444 | D:11     | Noticed a two-headed ogre
 16452 | D:11     | Killed a two-headed ogre
 16714 | Lair:1   | Entered Level 1 of the Lair of Beasts
 17386 | Lair:1   | Reached XP level 12. HP: 12/110 MP: 3/27
 18304 | Lair:2   | Found a transporter.
 18312 | Lair:2   | Noticed Gastronok
 18350 | Lair:2   | Killed Gastronok
 18360 | Lair:2   | Noticed a four-headed hydra
 19036 | Lair:2   | Identified the +5 ring mail of Murymy {rElec MP+9 Str+2
                  | Dex+4}
 19507 | Lair:2   | Found a transporter.
 19743 | Lair:2   | Killed a four-headed hydra
 20319 | Lair:3   | Noticed Rupert
 20336 | Lair:2   | Reached **** piety under Ashenzari
 20351 | Lair:3   | Reached skill level 11 in Spellcasting
 20508 | Lair:3   | Reached ***** piety under Ashenzari
 20827 | Lair:3   | Paralysed by a floating eye for 2 turns
 20933 | Lair:3   | Killed Rupert
 21119 | Lair:3   | Reached skill level 12 in Spellcasting
 21127 | Lair:3   | Found a staircase to the Swamp.
 21139 | Lair:3   | Reached XP level 13. HP: 118/118 MP: 19/31
 21378 | Lair:3   | Found a staircase to the Snake Pit.
 21987 | Lair:3   | Learned a level 5 spell: Irradiate
 22072 | Lair:4   | Reached skill level 1 in Transmutations
 22457 | Lair:4   | Found a viscous altar of Jiyva.
 22459 | Lair:4   | Found a staircase to the Slime Pits.
 24237 | Lair:4   | Reached skill level 5 in Transmutations
 24542 | Lair:5   | Entered Level 5 of the Lair of Beasts
 25639 | Lair:5   | Learned a level 7 spell: Dragon Form
 25736 | Lair:5   | Identified the cursed +0 cloak of Ashenzari's Sybil {Evo,
                  | Comp} (You found it on level 4 of the Dungeon)
 25736 | Lair:5   | Identified the cursed +1 hat "Restrained Together" {Stlth+,
                  | Bglg, Evo} (You took it off Gastronok on level 2 of the
                  | Lair of Beasts)
 25736 | Lair:5   | Identified the cursed +0 pair of boots "Perceptive
                  | Paranoia" {Alch, Evo} (You found it on level 3 of the Lair
                  | of Beasts)
 25736 | Lair:5   | Identified the cursed +2 buckler of the Chained God {Comp,
                  | Elem} (You found it on level 8 of the Dungeon)
 25815 | Lair:5   | Identified the +3 dagger "Geuloyza" {protect, *Noise +Blink
                  | rElec}
 25826 | Lair:5   | Reached skill level 10 in Transmutations
 25911 | Lair:5   | Reached skill level 1 in Unarmed Combat
 25914 | Lair:5   | Reached XP level 14. HP: 121/121 MP: 24/30
 26442 | Lair:5   | Acquired the amulet of Zodoafen {Regen+ Int+6}
 26449 | Lair:5   | Reached ****** piety under Ashenzari
 26561 | Lair:5   | Found a runed translucent door.
 27088 | Lair:5   | Reached skill level 5 in Unarmed Combat
 27200 | Lair:5   | Identified the amulet "Atzihoczu" {RegenMP Harm rCorr}
 27202 | Lair:5   | Identified the +0 helmet of the Ladybird {rF+}
 27842 | Lair:3   | Killed from afar by an oklob plant

Illustrated notes

Levels and vault maps discovered:
D:1:      dpeg_arrival_erosion, layout_loops_cross
D:2:      layout_basic, uniq_jessica, uniq_natasha, uniq_terence
D:3:      layout_loops_ring, nicolae_uskayaw_en_pointe
D:4:      layout_basic, mainiacjoe_overflow_alcove_1,
          mainiacjoe_overflow_cross_hatched, gup_sewer_entry_bowl
D:5:      layout_loops_corners, led_sif_pool, minmay_temple_entry_steel_oval,
          gammafunk_ghost_stat_death, uniq_menkaure, uniq_edmund, uniq_duvessa,
          uniq_sigmund
D:6:      kennysheep_six_static_rooms, layout_loops_ring, xom_teletrap_fun,
          palyth_stone_intersect
D:7:      layout_loops_ring, zin_angel, mainiacjoe_overflow_boulevard,
          gammafunk_ghost_grave, enter_bailey_8,
          nicolae_concentric_dashed_squares_wild,
          nicolae_elevator_lobby_asterisk
D:8:      lemuel_bear_cage, layout_basic
D:9:      layout_stronghold
D:10:     minmay_thinvault, layout_basic, nicolae_hepliaklqana_hippocampus,
          mainiacjoe_overflow_brackets, minmay_lair_entry_grove, uniq_erolcha
D:11:     cheibrodos_steamvent, layout_basic, zombieorc1_lemuel,
          corexii_checkpoint_b, cheibrodos_worm_habitat
Lair:1:   layout_cave_pods, grunt_megastairs_1, serial_bayou_shore_a
Lair:2:   gammafunk_cloud_chamber, layout_cave_pods, lemuel_fruit_fields,
          uniq_gastronok
Lair:3:   layout_layer_cave, skrybe_swamp_entry_bodies,
          minmay_snake_entry_guardpost_small, disabler_island,
          grunt_megastairs_5, uniq_rupert
Lair:4:   cheibrodos_magma_flow, layout_gridlike,
          minmay_slime_entry_oklob_enclosed, nicolae_volcano_entry_vermiform,
          st_stairs_3, chequers_serial_rivers_small_3, beast_lair_carwin_11,
          infiniplex_staircase_pool_2
Lair:5:   hangedman_lair_in_review, layout_concentric_octagons, wormcave,
          serial_bayou_crossing

Skill      XL: |  1  2  3  4  5  6  7  8  9 10 11 12 13 14 |
---------------+-------------------------------------------+-----
Stealth        | 2 3 |  3.0
Spellcasting   | 3 4 5 7 10 12 | 12.7
Conjurations   | 5 6 8 10 11 | 11.4
Translocations | 3 |  3.0
Hexes          | 3 |  3.0
Fighting       | 2 7 10 | 10.0
Dodging        | 3 7 8 |  8.3
Shields        | 5 |  5.0
Transmutations | 10 11 | 11.7
Unarmed Combat | 1 6 |  6.2

Action                   |  1- 3 |  4- 6 |  7- 9 | 10-12 | 13-15 || total
-------------------------+-------+-------+-------+-------+-------++-------
Melee: Dagger            |    11 |     2 |       |       |       ||    13
       Tailslap          |     2 |       |       |    25 |    31 ||    58
       Unarmed           |       |       |    18 |       |   105 ||   123
       Rapier            |       |       |    11 |   154 |    38 ||   203
       Bite              |       |       |       |       |    18 ||    18
       Punch             |       |       |       |       |     1 ||     1
Throw: Stone             |       |       |       |     5 |       ||     5
       Dart              |       |       |       |    24 |       ||    24
 Cast: Magic Dart        |    40 |    56 |     9 |     6 |     2 ||   113
       Searing Ray       |     9 |    27 |    61 |   121 |    11 ||   229
       Iskenderun's Myst |       |       |     5 |   101 |    46 ||   152
       Fulminant Prism   |       |       |     1 |    28 |    27 ||    56
       Irradiate         |       |       |       |       |    47 ||    47
       Dragon Form       |       |       |       |       |    11 ||    11
Invok: Curse Item        |       |       |     2 |     5 |     2 ||     9
 Abil: Breathe Frost     |       |       |     2 |     7 |     4 ||    13
Evoke: Wand              |       |       |     3 |     8 |     1 ||    12
  Use: Scroll            |       |     6 |     1 |     6 |     2 ||    15
       Potion            |       |       |     1 |     2 |       ||     3
 Stab: Sleeping          |       |       |       |     2 |     1 ||     3
       Distracted        |       |       |       |     1 |       ||     1
Armor: Skin              |    11 |    16 |    22 |    90 |   147 ||   286
Dodge: Dodged            |     9 |    18 |    46 |   220 |   154 ||   447
Block: Buckler           |       |       |       |   108 |    24 ||   132

Table legend: (Time is in decaauts)
 A = Elapsed time spent in this place.
 B = Non-inter-level travel time spent in this place.
 C = Inter-level travel time spent in this place.
 D = Time resting spent in this place.
 E = Time spent auto-exploring this place.
 F = Levels seen in this place.
 G = Mean time per level.
                   A        B        C        D        E       F      G
               +--------+--------+--------+--------+--------+-----+--------+
         Total |  28092 |  27151 |    941 |   4890 |  17961 |  18 | 1560.7 |
       Dungeon |  15970 |  15613 |    357 |   1968 |  11484 |  11 | 1451.8 |
          Lair |  11300 |  10716 |    584 |   2520 |   6462 |   5 | 2260.0 |
         Sewer |    162 |    162 |      0 |     29 |      2 |   1 |  162.0 |
        Bailey |    659 |    659 |      0 |    373 |     12 |   1 |  659.0 |
               +--------+--------+--------+--------+--------+-----+--------+

Top non-repeatable levels by time:
  Lair:4: 3099 daAuts
    D:10: 2754 daAuts
    D:11: 2326 daAuts
  Lair:5: 2306 daAuts
  Lair:3: 2094 daAuts
  Lair:2: 1960 daAuts
  Lair:1: 1839 daAuts
     D:5: 1649 daAuts
     D:9: 1534 daAuts
     D:4: 1497 daAuts
     D:2: 1486 daAuts
     D:8: 1291 daAuts
     D:3: 1155 daAuts
     D:7: 1142 daAuts
     D:1: 990 daAuts
